AoeStats
← PeterMT2699

Black Forest

510540498Analyzed
3v3 RM · 6h ago on Oct 1, 2026· 45m 11s· 6 players
Game mode
Random Map
Map size
Normal (6 player)
Population
200
Speed
Normal
Resources
Standard
Victory
Conquest
Starting age
Dark Age
Ending age
Imperial Age
RankedLock teamsTeams togetherTeam positionsShared explorationLock speedFull tech treeHidden civsTurbo modeCheats
Victory
Defeat
🇷🇺 Khmer · Russia
1015
+15
🇬🇧 Teutons · United Kingdom
1008
+15
🇧🇷 Varangians · Brazil
1000
+15
🇨🇱 Sicilians · Chile
1002
-15
🇬🇷 Britons · Greece
986
-15
🇻🇳 Turks · Vietnam
979
-15
Sr Cortes
2:15 Loom
11:52 Feudal Age
12:35 Stone Mining
12:08 Man-at-Arms
13:13 Double-Bit Axe
20:50 Gold Mining
21:41 Scale Mail Armor
25:29 Castle Age
24:02 Fletching
24:00 Horse Collar
27:09 Stone Shaft Mining
26:42 Bodkin Arrow
27:07 Heavy Plow
29:49 Wheelbarrow
30:56 Caravan
31:25 Pikeman
33:03 Bow Saw
33:33 Squires
37:50 Imperial Age
36:05 Chain Mail Armor
39:26 Plate Mail Armor
39:31 Conscription
39:22 Forging
38:43 Cavalier
39:37 Long Swordsman
40:05 Gambesons
40:43 Two-Handed Swordsman
42:19 Hand Cart
43:49 Scale Barding Armor
PeterMT2699
1:26 Loom
11:53 Feudal Age
12:59 Horse Collar
13:07 Double-Bit Axe
18:25 Castle Age
18:20 Stone Mining
18:20 Gold Mining
20:05 Bow Saw
19:59 Heavy Plow
26:52 Wheelbarrow
32:50 Imperial Age
31:09 Bloodlines
31:12 Forging
31:08 Scale Barding Armor
32:09 Hand Cart
31:41 Town Watch
31:47 Town Watch
33:15 Iron Casting
32:57 Husbandry
33:34 Padded Archer Armor
34:28 Chain Barding Armor
35:44 Gold Shaft Mining
orestsymeonidhs
7:26 Loom
11:27 Feudal Age
13:05 Double-Bit Axe
16:14 Castle Age
15:02 Horse Collar
17:56 Fletching
18:06 Padded Archer Armor
18:28 Bow Saw
25:51 Bodkin Arrow
26:11 Leather Archer Armor
26:56 Wheelbarrow
26:06 Town Watch
26:52 Heavy Plow
28:19 Crossbowman
32:04 Imperial Age
29:50 Hand Cart
29:30 Gold Mining
29:30 Stone Mining
31:03 Ballistics
30:53 Fortified Wall
31:22 Masonry
30:52 Treadmill Crane
32:57 Gold Shaft Mining
32:40 Leather Archer Armor
32:35 Forging
32:25 Scale Mail Armor
32:30 Scale Barding Armor
32:26 Capped Ram
33:28 Conscription
32:30 Arbalester
34:23 Chemistry
34:47 Two-Man Saw
35:52 Iron Casting
35:32 Chain Mail Armor
35:17 Bracer
35:47 Ring Archer Armor
35:51 Architecture
35:01 Treadmill Crane
36:33 Siege Engineers
37:39 Warwolf
37:23 Treadmill Crane
37:54 Elite Longbowman
39:26 Onager
43:03 Blast Furnace
42:33 Plate Mail Armor
42:23 Chain Barding Armor
42:02 Murder Holes
danilomaxxcuritiba
10:56 Feudal Age
11:39 Double-Bit Axe
14:01 Wheelbarrow
14:17 Horse Collar
17:28 Castle Age
17:49 Scale Mail Armor
18:02 Forging
19:01 Bow Saw
20:20 Heavy Plow
23:06 Stone Mining
23:58 Loom
30:54 Imperial Age
28:37 Gold Mining
29:57 Hand Cart
30:41 Squires
30:27 Arson
31:55 Stone Shaft Mining
32:04 Caravan
34:45 Two-Man Saw
33:29 Elite Varangian Guard
34:52 Conscription
35:53 Coinage
36:47 Chain Mail Armor
37:09 Iron Casting
37:27 Gothikon
38:01 Elite Jarl
41:24 Plate Mail Armor
41:55 Blast Furnace
45:20 Fletching
45:34 Padded Archer Armor
Benjings
1:27 Loom
13:16 Feudal Age
13:37 Horse Collar
13:43 Double-Bit Axe
21:20 Castle Age
19:34 Fletching
25:13 Bow Saw
27:04 Wheelbarrow
29:17 Heavy Plow
33:19 Imperial Age
32:00 Fortified Wall
32:04 Bodkin Arrow
33:31 Hand Cart
35:55 Two-Man Saw
35:39 Heavy Scorpion
37:47 Scale Mail Armor
40:54 Chemistry
40:14 Ballistics
40:02 Siege Engineers
44:58 Elite Teutonic Knight
elk
13:36 Feudal Age
15:37 Double-Bit Axe
16:50 Wheelbarrow
18:39 Castle Age
16:25 Horse Collar
17:58 Bloodlines
17:55 Stone Mining
18:24 Gold Mining
21:27 Light Cavalry
22:50 Loom
25:11 Hand Cart
29:55 Imperial Age
28:06 Town Watch
30:14 Town Patrol
31:18 Gold Shaft Mining
31:56 Ballistics
31:55 Husbandry
33:10 Conscription
33:07 Fletching
34:35 Elite Ballista Elephant
35:29 Double Crossbow
35:57 Heavy Plow
36:10 Padded Archer Armor
37:00 Stone Shaft Mining
36:46 Bow Saw
37:46 Chemistry
37:29 Siege Engineers
38:06 Crop Rotation
37:40 Tusk Swords
37:48 Bodkin Arrow
38:16 Leather Archer Armor
38:37 Bracer
39:24 Masonry
39:09 Murder Holes
39:27 Forging
39:22 Scale Barding Armor
39:47 Scale Mail Armor
40:22 Parthian Tactics
39:18 Elite Skirmisher
39:45 Pikeman
41:11 Ring Archer Armor
41:45 Hoardings
41:26 Halberdier
41:52 Arson
42:33 Chain Barding Armor
42:48 Iron Casting
42:40 Chain Mail Armor
43:44 Hussar
45:43 Plate Barding Armor
Connection lost

Rejoining the realm…

Still unreachable

The connection could not be restored.

Session expired

The server has moved on; the page needs a fresh start.